AoeStats
← Kort o gott, Leif

MegaRandom

509678622Analyzed
4v4 RM · 6d ago on Sep 27, 2026· 44m 46s· 8 players
Game mode
Random Map
Map size
Large (8 player)
Population
200
Speed
Normal
Resources
Standard
Victory
Conquest
Starting age
Dark Age
Ending age
Imperial Age
RankedLock teamsTeams togetherTeam positionsShared explorationLock speedFull tech treeHidden civsTurbo modeCheats
Victory
Defeat
🇬🇧 Teutons · United Kingdom
1012
+16
1010
+16
🇨🇦 Varangians · Canada
1001
+17
🇺🇸 Burgundians · United States
977
+18
🇸🇪 Mongols · Sweden
1041
-18
🇸🇪 Armenians · Sweden
1028
-17
🇸🇪 Japanese · Sweden
1016
-17
🇸🇪 Cumans · Sweden
986
-15
szczuply23
0:37 Loom
14:32 Feudal Age
15:06 Horse Collar
15:16 Double-Bit Axe
17:49 Stone Mining
20:17 Castle Age
26:12 Bow Saw
26:34 Heavy Plow
26:51 Gold Mining
27:59 Fletching
29:18 Bodkin Arrow
35:11 Imperial Age
35:21 Onager
37:20 Crop Rotation
39:02 Crenellations
40:02 Wheelbarrow
40:31 Two-Man Saw
41:45 Scale Mail Armor
41:56 Forging
41:36 Capped Ram
43:05 Hand Cart
Chill Maister
10:50 Feudal Age
12:16 Double-Bit Axe
20:38 Castle Age
18:56 Horse Collar
19:25 Scale Barding Armor
19:53 Stone Mining
20:41 Scale Mail Armor
20:05 Man-at-Arms
20:44 Light Cavalry
25:39 Pikeman
26:35 Forging
26:41 Chain Mail Armor
28:23 Iron Casting
40:46 Long Swordsman
43:17 Fletching
46:00 Imperial Age
43:11 Elite Skirmisher
tboss
0:30 Loom
11:58 Feudal Age
16:54 Castle Age
14:47 Double-Bit Axe
15:13 Horse Collar
18:10 Bow Saw
19:08 Heavy Plow
20:38 Wheelbarrow
23:44 Hand Cart
26:10 Town Watch
27:31 Gold Mining
32:02 Imperial Age
29:37 Murder Holes
30:27 Scale Barding Armor
30:32 Forging
30:33 Bloodlines
30:23 Husbandry
31:11 Ballistics
31:19 Town Patrol
30:57 Vendel Legacy
32:51 Chain Barding Armor
33:06 Iron Casting
33:17 Crop Rotation
32:16 Cavalier
33:43 Conscription
34:56 Plate Barding Armor
37:27 Blast Furnace
38:02 Fletching
39:31 Two-Man Saw
39:03 Gothikon
39:46 Scale Mail Armor
39:48 Squires
39:34 Arson
39:34 Gambesons
39:58 Bodkin Arrow
40:04 Caravan
40:09 Elite Varangian Guard
41:14 Chain Mail Armor
42:12 Siege Engineers
43:08 Chemistry
42:41 Plate Mail Armor
42:37 Bracer
DR GUS GLITTERGELPEN BILDORDER Ⅷ
4:09 Loom
11:52 Feudal Age
13:13 Wheelbarrow
12:26 Double-Bit Axe
17:32 Horse Collar
22:33 Fletching
23:03 Gold Mining
23:03 Stone Mining
26:17 Castle Age
26:37 Bloodlines
26:33 Padded Archer Armor
27:37 Bow Saw
28:51 Bodkin Arrow
28:56 Town Watch
30:17 Leather Archer Armor
33:45 Ballistics
33:36 Masonry
34:56 Thumb Ring
36:31 Gold Shaft Mining
36:32 Stone Shaft Mining
39:18 Hand Cart
Kort o gott, Leif
11:13 Loom
13:48 Feudal Age
16:24 Horse Collar
18:13 Double-Bit Axe
23:27 Castle Age
23:06 Scale Barding Armor
23:13 Bloodlines
24:06 Forging
28:33 Husbandry
31:03 Iron Casting
31:00 Chain Barding Armor
35:27 Pikeman
37:16 Wheelbarrow
36:34 Town Watch
38:48 Hand Cart
38:45 Heavy Plow
42:16 Imperial Age
40:25 Bow Saw
40:17 Fletching
40:28 Padded Archer Armor
41:30 Squires
41:35 Bodkin Arrow
41:56 Light Cavalry
43:10 Leather Archer Armor
43:22 Elite Steppe Lancer
Nick3N^
3:05 Loom
12:26 Feudal Age
17:11 Man-at-Arms
18:08 Horse Collar
18:14 Double-Bit Axe
22:59 Wheelbarrow
23:29 Gold Mining
23:45 Gold Mining
23:35 Long Swordsman
26:39 Castle Age
24:54 Forging
24:45 Scale Mail Armor
24:35 Arson
24:47 Stone Mining
27:38 Chain Mail Armor
27:59 Iron Casting
27:27 Squires
28:19 Gambesons
28:38 Two-Handed Swordsman
32:18 Bow Saw
31:42 Champion
Rush Baby
0:39 Loom
11:26 Feudal Age
12:55 Double-Bit Axe
12:35 Man-at-Arms
14:43 Wheelbarrow
22:15 Castle Age
21:37 Forging
21:28 Scale Mail Armor
21:35 Fletching
22:32 Padded Archer Armor
22:27 Crossbowman
22:31 Long Swordsman
23:36 Bodkin Arrow
23:50 Gambesons
25:38 Scale Mail Armor
25:39 Horse Collar
37:13 Imperial Age
38:14 Arbalester
39:47 Ballistics
40:11 Bow Saw
bromskloss
2:03 Loom
18:22 Feudal Age
19:55 Wheelbarrow
19:04 Horse Collar
19:13 Double-Bit Axe
25:53 Castle Age
24:14 Bloodlines
24:49 Scale Mail Armor
24:41 Man-at-Arms
30:01 Murder Holes
30:29 Ballistics
30:43 Ballistics
30:37 Masonry
30:52 Heavy Plow
32:21 Hand Cart
33:37 Crossbowman
34:23 Thumb Ring
33:49 Elite Skirmisher
34:36 Thumb Ring
37:57 Bow Saw
38:21 Caravan
41:35 Steppe Husbandry
Connection lost

Rejoining the realm…

Still unreachable

The connection could not be restored.

Session expired

The server has moved on; the page needs a fresh start.